 Dungeon Crawl Stone Soup version 0.28.0 (webtiles) character file.

Game seed: 4731433429376720519

42 trckry the Skirmisher (level 3, 28/28 (31) HPs)
             Began as a Demonspawn Wanderer on Feb 12, 2022.
             Was a High Priest of Ignis.
             Quit the game on level 2 of the Dungeon.
             The game lasted 00:02:30 (890 turns).

trckry the Skirmisher (Demonspawn Wanderer)          Turns: 890, Time: 00:02:30

HP:   28/28 (31)    AC:  3    Str: 13    XL:     3   Next: 35%
MP:   6/6           EV: 11    Int: 16    God:    Ignis [*****.]
Gold: 26            SH:  0    Dex: 10    Spells: 6/6 levels left

rFire   + + .      SeeInvis .   a - +0 falchion
rCold   . . .      Faith    .   (no shield)
rNeg    . . .      Spirit   .   c - +0 robe
rPois   .          Reflect  .   b - +0 helmet
rElec   .          Harm     .   (no cloak)
rCorr   .          Rampage  .   (no gloves)
Will    .....                   (no boots)
Stlth   ++........              f - amulet of regeneration
HPRegen 0.89/turn               i - ring of protection from fire
MPRegen 0.10/turn               (no ring)

@: drained
A: hooves 1, foul stench 1
a: Renounce Religion, Fiery Armour, Foxfire Swarm, Rising Flame


You were on level 2 of the Dungeon.
You worshipped Ignis.
Ignis was extremely pleased with you.
You visited 1 branch of the dungeon, and saw 2 of its levels.

You collected 26 gold pieces.

Inventory:

Hand Weapons
 a - a +0 falchion (weapon)
Armour
 b - a +0 helmet (worn)
 c - a +0 robe (worn)
Jewellery
 f - an amulet of regeneration (around neck)
 i - a ring of protection from fire (left hand)
Scrolls
 d - a scroll of enchant weapon {unknown}
 h - a scroll of noise {unknown}
Potions
 e - 3 potions of invisibility {unknown}
 g - a potion of haste {unknown}


   Skills:
 + Level 4.4 Fighting
 - Level 1.0 Long Blades
 + Level 0.2 Armour
 - Level 2.6 Stealth
 - Level 2.0 Spellcasting


You had 6 spell levels left.
You didn't know any spells.
Your spell library contained the following spells:

 Spells                   Type           Power      Damage    Failure   Level
 Beastly Appendage        Tmut           2%         N/A       21%         1
 Pain                     Necr           4%         1d4       21%         1
 Wereblood                Tmut           1%         N/A       30%         2
 Tukima's Dance           Hex            1%         N/A       52%         3


Dungeon Overview and Level Annotations

Branches:
Dungeon (2/15)

Altars:
Ignis


Innate Abilities, Weirdness & Mutations

You have large cloven feet.
You may rarely emit foul miasma when damaged in melee.


Message History

The frilled lizard completely misses you.
The endoplasm freezes you.
You are frozen.
You closely miss the frilled lizard. Your kick misses the frilled lizard.
The frilled lizard barely misses you. The endoplasm barely misses you.
The frilled lizard bites you.
You closely miss the frilled lizard. You kick the frilled lizard.
You kill the frilled lizard!
The endoplasm barely misses you.
You hit the endoplasm but do no damage. You kick the endoplasm.
The endoplasm is heavily wounded.
The endoplasm freezes you.
You are frozen.
You hit the endoplasm.
You kill the endoplasm!
No target in view!
You see here a frilled lizard corpse.
You now have 26 gold pieces (gained 13).
Key pressed, stopping explore.
There is an open gate here.
You enter the shallow water.
Moving in this stuff is going to be slow.
You enter the shallow water.
Moving in this stuff is going to be slow.
Partly explored, can't reach some places.
Partly explored, can't reach some places.
There is an open gate here.
There is a stone staircase leading down here.
You climb downwards.
Found a scratched silver ring.
There is a stone staircase leading up here.
i - a ring of protection from fire
i - a ring of protection from fire (left hand)
Found a faded altar of an unknown god.
There is a faded altar of an unknown god here.
There is a faded altar of an unknown god here.
You cannot tell which god this altar belongs to.
Convert to them anyway?
Ignis accepts your prayer! Ignis welcomes you!
Are you sure you want to abandon this character and quit the game? (Confirm with "yes".)

♣... #.#......<##
..♣♣...........
♣♣♣♣♣♣.♣♣..########
♣....♣..♣♣.......#
♣♣.♣♣♣.♣♣.♣.......#
♣.♣.♣♣.♣♣♣........#
♣♣♣..♣♣♣ ♣♣.......#
♣.♣.♣..♣ ........#
♣♣.@♣♣♣♣ ........#
♣♣♣♣ .........#
.........#
......##### ...#


There were no monsters in sight!

Vanquished Creatures
  A dart slug (D:1)
  3 ball pythons (D:1)
  2 bats (D:1)
  3 endoplasms (D:1)
  4 giant cockroaches (D:1)
  6 hobgoblins (D:1)
  4 jackals (D:1)
  2 quokkas (D:1)
  3 frilled lizards (D:1)
  3 goblins (D:1)
  A kobold (D:1)
  A rat (D:1)
33 creatures vanquished.

Notes
Turn   | Place    | Note
-------+----------+-------------------------------------------
     0 | D:1      | trckry the Demonspawn Wanderer began the quest for the Orb.
     0 | D:1      | trckry set off with the following items: a +0 falchion, a
                  | +0 helmet, a +0 robe; and the following spells available to
                  | memorise: Beastly Appendage, Pain, Wereblood, Tukima's
                  | Dance
     0 | D:1      | Reached XP level 1. HP: 18/18 MP: 3/3
   111 | D:1      | Gained mutation: You may rarely emit foul miasma when
                  | damaged in melee. [demonic ancestry]
   111 | D:1      | Reached XP level 2. HP: 13/24 MP: 5/5
   301 | D:1      | Reached skill level 4 in Fighting
   430 | D:1      | Gained mutation: You have large cloven feet. [demonic
                  | ancestry]
   430 | D:1      | Reached XP level 3. HP: 27/27 MP: 6/6
   874 | D:2      | Found a faded altar of an unknown god.
   889 | D:2      | Prayed at the altar of an unknown god.
   889 | D:2      | Became a worshipper of Ignis, the Dying Flame
   890 | D:2      | Quit the game

Illustrated notes

Levels and vault maps discovered:
D:1:      kennysheep_arrival_seaside, layout_rooms, minivault_19
D:2:      layout_basic, chequers_ecumenical_altar_grove, serial_park_tiny_1,
          minmay_increasing_density, uniq_crazy_yiuf_cottage

Skill      XL: |  1  2 |
---------------+-------+-----
Fighting       | 4 |  4.4
Long Blades    | |  1.0
Armour         | |  0.2
Stealth        | |  2.6
Spellcasting   | |  2.0

Action                   || total
-------------------------++-------
Melee: Falchion          ||   119
       Kick              ||     7
 Stab: Sleeping          ||     1
Armor: Robe              ||    65
Dodge: Dodged            ||   113
